 Dungeon Crawl Stone Soup version 0.31.0-1-g2c135a008e (webtiles) character file.

Game seed: 13216893407461568223

927 qw the Shooter (level 8, -5/58 HPs)
             Began as a Djinni Hunter on Jan 23, 2024.
             Killed by divine providence
             ... invoked by an orc priest
              (14 damage)
             ... on level 6 of the Dungeon.
             The game lasted 00:00:15 (4517 turns).

qw the Shooter (Djinni Hunter)                      Turns: 4517, Time: 00:00:16

Health: -5/58      AC:  8    Str:  9    XL:     8   Next: 32%
Gold:   254        EV: 20    Int:  8    God:
                   SH:  5    Dex: 25

rFire   + + .        h - +0 orcbow
rCold   x . .        (shield currently unavailable)
rNeg    . . .        a - +0 leather armour {Will+}
rPois   inf          g - +2 helmet
rElec   .            (no cloak)
rCorr   .            n - +1 pair of gloves
SInv    .            (boots unavailable)
Will    ++...        d - amulet of reflection
Stlth   +++          f - +5 ring of evasion
HPRegen 0.29/turn    i - ring of willpower
MPRegen 0.00/turn

%: random rage (3%), reflection, infuse magic (-6 HP)
@: about to teleport, flying
A: sickness immunity, fire resistance 2, cold vulnerability 1, float, innate
caster, HP casting, extra vitality 1, thin skeletal structure 1, agile 1,
berserk 1, dopey 1, mutation resistance 1
a: no special abilities


You were on level 6 of the Dungeon.
You visited 1 branch of the dungeon, and saw 6 of its levels.

You collected 254 gold pieces.


Innate Abilities, Weirdness & Mutations

You are immune to sickness and miasma.
You are immune to poison.
Your flesh is very heat resistant. (rF++)
You are vulnerable to cold. (rC-)
You float through the air rather than walking.
You learn spells naturally, not from books.
Your magical power is your life essence.
You have superior vitality. (+4 MHP)
You have a somewhat thin skeletal structure. (Dex +2, Stealth+)
You are agile. (Dex +4, Str/Int -1)
You sometimes lose your temper in combat.
You are dopey. (Int -2)
You are somewhat resistant to further mutation.


   Skills:
 - Level 4.3 Fighting
 - Level 6.2 Ranged Weapons
 - Level 2.5 Armour
 + Level 4.8 Dodging
 - Level 0.7 Stealth


You knew the following spells:

 Your Spells              Type           Power      Damage    Failure   Level
a - Freeze                Ice            0%         1d3       52%         1
b - Blink                 Tloc           0%         N/A       65%         2
c - Teleport Other        Tloc           0%         N/A       87%         3
Your spell library was empty.

Inventory:

Hand Weapons
 h - a +0 orcbow (weapon)
Armour
 a - a +0 leather armour of willpower (worn)
 b - a +0 ring mail
 g - a +2 helmet (worn)
 n - a +1 pair of gloves (worn)
Jewellery
 d - an amulet of reflection (around neck)
 f - a +5 ring of evasion (left hand)
 i - a ring of willpower (right hand)
Wands
 c - a wand of roots (2)
Potions
 j - 3 potions of curing
 m - 2 potions of haste

Dungeon Overview and Level Annotations

Branches:
Dungeon (6/15)
 Temple: D:4-7

Altars:
Cheibriados
Fedhas
Makhleb
Nemelex Xobeh
Ru
Uskayaw
Wu Jian
Xom
Zin
The Shining One


Message History

The sleepcap releases spores at you.
You shoot an arrow. The arrow hits the sleepcap!
The sleepcap is heavily damaged.
The sleepcap misses you.
You shoot an arrow. The arrow hits the sleepcap!
The sleepcap is almost destroyed.
You block the sleepcap's attack.
You shoot an arrow. The arrow hits the sleepcap!
You destroy the sleepcap!
The orc misses you.
You shoot an arrow. The arrow hits the orc!
You kill the orc!
The adder misses you.
You shoot an arrow. The arrow misses the adder.
The arrow hits the orc.
The orc is heavily wounded.
The adder completely misses you.
An orc priest comes into view. It is wielding a +0 hand axe.
The adder misses you.
You shoot an arrow. The arrow hits the adder!
You kill the adder!
You shoot an arrow. The arrow barely misses the orc.
The arrow hits the orc.
You kill the orc!
The orc misses you. The orc barely misses you.
The orc priest mumbles some strange prayers to Beogh against you.
Beogh smites you!
You shoot an arrow.
The arrow hits the orc but does no damage.
The orc barely misses you.
The orc priest casts a cantrip, but nothing happens.
You shoot an arrow. The arrow hits the orc.
The orc is heavily wounded.
The orc priest calls down the wrath of Beogh upon you.
Beogh smites you! You block the orc's attack.
4517 ||| READING scroll of teleportation.
As you read the scroll of teleportation, it crumbles to dust.
You feel strangely unstable. The orc completely misses you.
The orc priest calls down the wrath of Beogh upon you.
Beogh smites you!
You die...

#.# #.# ..########
.........#
#..#####@#
..######..# ##o##
..........####o).#
#.<......###.# #
#.#..###.# ...
###....# #.###.###
#......###....####
#.#...............
.....#.).......####


You could see an orc priest and an orc.

Vanquished Creatures
  A water moccasin (D:5)
  A black bear (D:5)
  An orc warrior (D:6)
  An ogre (D:5)
  2 centaurs (D:5)
  3 orc priests
  3 hounds (D:5)
  A sleepcap (D:6)
  An iguana (D:4)
  An orc wizard (D:6)
  6 adders
  2 ufetubi (D:6)
  2 ribbon worms
  19 orcs
  2 ball pythons
  3 endoplasms
  2 giant cockroaches
  4 goblins
  5 hobgoblins
  2 quokkas
  A bat (D:3)
  A frilled lizard (D:1)
  7 kobolds
  5 rats
76 creatures vanquished.

Notes
Turn   | Place    | Note
-------+----------+-------------------------------------------
     0 | D:1      | qw the Djinni Hunter began the quest for the Orb.
     0 | D:1      | Reached XP level 1. HP: 18/18 MP: 0/0
     0 | D:1      | 0 ||| qw: Version: 0.3-a-135-gb77e89d
     0 | D:1      | 0 ||| qw: Game counter: 915
     0 | D:1      | 0 ||| qw: Melee chars always use a shield: true
     0 | D:1      | 0 ||| qw: God list: Okawaru
     0 | D:1      | 0 ||| qw: Allow faded altars: false
     0 | D:1      | 0 ||| qw: Do Orc after clearing Dungeon:15 true
     0 | D:1      | 0 ||| qw: Do second Lair branch before Depths: true
     0 | D:1      | 0 ||| qw: Lair rune preference: random
     0 | D:1      | 0 ||| qw: Goals: Normal
     0 | D:1      | 0 ||| PLANNING D:1-11
   168 | D:1      | Reached XP level 2. HP: 23/23 MP: 0/0
   609 | D:1      | 609 ||| UPGRADING to +5 ring of evasion.
   610 | D:1      | 610 ||| UPGRADING to ring of willpower.
   611 | D:1      | 611 ||| READING scroll labelled ADON BIRGHIRIL.
   612 | D:1      | 612 ||| READING scroll labelled ILAXOY PILAAN.
   612 | D:1      | 612 ||| IDENTIFYING fizzy cyan potion
   613 | D:1      | 613 ||| DRINKING 2 viscous blue potions.
   651 | D:1      | 651 ||| DROPPING scroll of butterflies.
   652 | D:1      | 652 ||| DROPPING potion of lignification.
   653 | D:1      | 653 ||| DROPPING potion of magic.
  1194 | D:2      | 1194 ||| READING scroll of identify.
  1194 | D:2      | 1194 ||| IDENTIFYING smoky black potion
  1195 | D:2      | 1195 ||| DRINKING potion of mutation.
  1195 | D:2      | Gained mutation: You passively map a small area around you.
                  | [potion of mutation]
  1195 | D:2      | Gained mutation: You sometimes lose your temper in combat.
                  | [potion of mutation]
  1195 | D:2      | Gained mutation: You are agile. (Dex +4, Str/Int -1)
                  | [potion of mutation]
  1195 | D:2      | Gained mutation: You have a pair of small horns on your
                  | head. [potion of mutation]
  1196 | D:2      | 1196 ||| READING 2 scrolls labelled CUSEWNI XILOTU.
  1196 | D:2      | 1196 ||| BRANDING +0 shortbow.
  1197 | D:2      | 1197 ||| READING scroll of brand weapon.
  1197 | D:2      | 1197 ||| BRANDING +0 shortbow of flaming.
  1198 | D:2      | 1198 ||| READING 2 scrolls labelled KOLYBB GAUZXA.
  1199 | D:2      | 1199 ||| READING scroll labelled NALI TUSKE.
  1199 | D:2      | 1199 ||| ENCHANTING +0 shortbow of electrocution.
  1200 | D:2      | 1200 ||| DRINKING 2 silvery potions.
  1201 | D:2      | 1201 ||| DROPPING scroll of immolation.
  1248 | D:3      | Reached XP level 3. HP: 28/28 MP: 0/0
  1248 | D:3      | Learned a level 1 spell: Freeze
  1363 | D:3      | 1363 ||| DRINKING potion of mutation.
  1363 | D:3      | Lost mutation: You have a pair of small horns on your head.
                  | [potion of mutation]
  1363 | D:3      | Lost mutation: You passively map a small area around you.
                  | [potion of mutation]
  1363 | D:3      | Gained mutation: You have a somewhat thin skeletal
                  | structure. (Dex +2, Stealth+) [potion of mutation]
  1363 | D:3      | Gained mutation: You are dopey. (Int -2) [potion of
                  | mutation]
  1363 | D:3      | Gained mutation: You are somewhat resistant to further
                  | mutation. [potion of mutation]
  1408 | D:3      | Found a faded altar of an unknown god.
  1686 | D:3      | Reached skill level 3 in Dodging
  1686 | D:3      | Reached XP level 4. HP: 33/33 MP: 0/0
  1689 | D:3      | Reached skill level 4 in Ranged Weapons
  1970 | D:3      | Reached XP level 5. HP: 18/40 MP: 0/0
  1970 | D:3      | Learned a level 2 spell: Blink
  1977 | D:3      | Reached skill level 3 in Fighting
  2318 | D:3      | 2318 ||| UPGRADING to +0 ring mail.
  2328 | D:3      | 2328 ||| DROPPING +0 leather armour.
  2329 | D:3      | 2329 ||| UPGRADING to +0 helmet.
  2334 | D:3      | 2334 ||| READING scroll of enchant armour.
  2334 | D:3      | 2334 ||| ENCHANTING +0 helmet.
  2335 | D:3      | 2335 ||| UPGRADING to amulet of reflection.
  2340 | D:3      | 2340 ||| READING scroll of identify.
  2340 | D:3      | 2340 ||| IDENTIFYING scroll labelled ACUURR TUEKILA
  2341 | D:3      | 2341 ||| READING 2 scrolls labelled MAYSHE ZA VEI.
  2346 | D:3      | 2346 ||| DROPPING scroll of noise.
  2393 | D:4      | 2393 ||| READING scroll of enchant armour.
  2393 | D:4      | 2393 ||| ENCHANTING +1 helmet.
  2636 | D:4      | Reached skill level 1 in Armour
  2762 | D:4      | Reached XP level 6. HP: 34/46 MP: 0/0
  3267 | D:4      | Found a sparkling altar of Nemelex Xobeh.
  3469 | D:4      | 3469 ||| UPGRADING to +0 pair of gloves.
  3474 | D:4      | 3474 ||| READING scroll of identify.
  3474 | D:4      | 3474 ||| IDENTIFYING smoky brown potion
  3475 | D:4      | 3475 ||| READING scroll labelled PORABI HAVVAZA.
  3576 | D:4      | 3576 ||| READING scroll labelled NEICHYCLIY.
  3577 | D:4      | 3577 ||| DROPPING potion of brilliance.
  3606 | D:5      | Entered Level 5 of the Dungeon
  3609 | D:5      | Noticed a black bear
  3615 | D:5      | Killed a black bear
  3616 | D:5      | Reached skill level 5 in Ranged Weapons
  3621 | D:5      | Found a shimmering altar of Xom.
  3625 | D:5      | 3625 ||| READING scroll of enchant armour.
  3625 | D:5      | 3625 ||| ENCHANTING +0 pair of gloves.
  3727 | D:5      | Noticed an ogre
  3731 | D:5      | Killed an ogre
  3732 | D:5      | Reached XP level 7. HP: 29/53 MP: 0/0
  3732 | D:5      | Learned a level 3 spell: Teleport Other
  3918 | D:5      | 3918 ||| SWAPPING to +0 orcbow.
  3919 | D:5      | 3919 ||| DROPPING +0 shortbow of electrocution.
  3976 | D:5      | Found a snail-covered altar of Cheibriados.
  4065 | D:5      | Found a glowing silver altar of Zin.
  4083 | D:5      | Noticed a water moccasin
  4098 | D:5      | Killed a water moccasin
  4099 | D:5      | Reached XP level 8. HP: 46/58 MP: 0/0
  4145 | D:5      | Found a glowing golden altar of the Shining One.
  4149 | D:5      | Found a burning altar of Makhleb.
  4155 | D:5      | Found a blossoming altar of Fedhas.
  4158 | D:5      | Found an ornate altar of the Wu Jian Council.
  4160 | D:5      | Found a hide-covered altar of Uskayaw.
  4165 | D:5      | Found a sacrificial altar of Ru.
  4419 | D:5      | 4419 ||| UPGRADING to +0 leather armour of willpower.
  4429 | D:5      | 4429 ||| READING scroll of identify.
  4429 | D:5      | 4429 ||| IDENTIFYING 2 fizzy emerald potions
  4430 | D:5      | 4430 ||| READING scroll labelled ZIYTWA LYJIHIO.
  4436 | D:6      | 4436 ||| STAIRDANCE
  4444 | D:6      | 4444 ||| STAIRDANCE
  4504 | D:6      | Reached skill level 6 in Ranged Weapons
  4516 | D:6      | HP: 9/58 [orc priest/divine providence (12)]
  4517 | D:6      | 4517 ||| READING scroll of teleportation.
  4517 | D:6      | Killed from afar by an orc priest

Levels and vault maps discovered:
D:1:      minmay_arrival_diagonal_passages, layout_loops_ring,
          minmay_tetromino_s4
D:2:      layout_basic
D:3:      layout_basic, hellmonk_ecumenical_altar_lost_god,
          chequers_serial_rivers_micro_d
D:4:      layout_layer_cave, nemelex_spade_bored_becter,
          dreamdust_mushroom_princess, grunt_decor_fettered
D:5:      layout_loops_cross, nicolae_overflow_crystal_walls, xom_butterflies,
          mainiacjoe_overflow_alcove_4, nicolae_overflow_hallway_of_the_gods,
          nicolae_kite_square_tiling_tiny, minmay_manual_mares
D:6:      layout_loops_ring, minmay_temple_entry_poolview, due_unseen_surprise

Skill      XL: |  1  2  3  4  5  6  7  8 |
---------------+-------------------------+-----
Dodging        | 3 4 |  4.8
Ranged Weapons | 4 5 6 |  6.2
Fighting       | 3 4 |  4.3
Armour         | 1 2 |  2.5
Stealth        | |  0.7

Action                     |  1- 3 |  4- 6 |  7- 9 || total
---------------------------+-------+-------+-------++-------
   Fire: Shortbow          |    75 |    73 |    11 ||   159
         Orcbow            |       |       |    62 ||    62
    Use: Scroll            |     7 |     8 |     3 ||    18
         Potion            |     4 |       |       ||     4
 Armour: Leather armour    |     9 |     2 |    14 ||    25
         Ring mail         |       |    15 |    18 ||    33
  Dodge: Dodged            |    17 |    27 |    63 ||   107
  Block: Other             |       |     9 |    14 ||    23
         Reflection        |       |     1 |       ||     1

Table legend:
 A = Non-vault XP
 B = Vault XP
 C = Vault XP percentage of total XP
 D = Non-vault monster count
 E = Vault monster count
 F = Vault count percentage of total count
                 A         B        C        D         E       F
            +---------+---------+-------+---------+---------+-------
      Total |    1094 |     231 |  17.4 |      72 |       4 |   5.3
            +---------+---------+-------+---------+---------+-------
        D:1 |      12 |       3 |  20.0 |       8 |       2 |  20.0
        D:2 |      13 |       0 |   0.0 |       7 |       0 |   0.0
        D:3 |     132 |       0 |   0.0 |      23 |       0 |   0.0
        D:4 |     138 |       0 |   0.0 |      12 |       0 |   0.0
        D:5 |     556 |     228 |  29.1 |      12 |       2 |  14.3
        D:6 |     243 |       0 |   0.0 |      10 |       0 |   0.0
            +---------+---------+-------+---------+---------+-------
